TOP OF THE 1ST |
SC Storm batting - Pitching for Jacksonville Sharks : LHP William Davis
|
Pitching: LHP William Davis
|
|
Batting: LHB Vern Forrest
|
0-0: Ball 1-0: Ball 2-0: Called Strike 2-1: Ball 3-1: Base on Balls
|
Batting: RHB Lane Rich
|
0-0: Called Strike 0-1: Ball 1-1: Ball 2-1: Ball 3-1: Fly out, F8 (Flyball, 89M)
|
Batting: RHB Wilfred McLaughlin
|
0-0: Ball 1-0: Foul Ball, location: 2F 1-1: Ball 2-1: DOUBLE (Flyball, 78XD) Vern Forrest to third Runner from 3rd tries for Home, SAFE, no throw or cutoff
|
Batting: RHB Joey Jones
|
0-0: Called Strike 0-1: Swinging Strike 0-2: Foul Ball, location: 2F 0-2: Ball 1-2: Ball 2-2: Foul Ball, location: 2F 2-2: Strikes out swinging
|
Batting: RHB Arlen King
|
0-0: Ball 1-0: Ball 2-0: Ball 3-0: Called Strike 3-1: Base on Balls
|
Batting: RHB Lindsay Stewart
|
0-0: Ball 1-0: Foul Ball, location: 2F 1-1: Swinging Strike 1-2: Ground out 4-3 (Groundball, 34)
|
Top of the 1st over - 1 run(s), 1 hit(s), 0 error(s), 2 left on base; SC 1 - Jacksonville 0 |
BOTTOM OF THE 1ST |
Jacksonville Sharks batting - Pitching for SC Storm : RHP Bill Prado
|
Pitching: RHP Bill Prado
|
|
Batting: LHB Wilfrid Savary
|
0-0: Ball 1-0: DOUBLE (Line Drive, 89S)
|
Batting: LHB Chris Henry
|
0-0: Foul Ball, location: 2F 0-1: Swinging Strike 0-2: Ball 1-2: Ball 2-2: Strikes out swinging
|
Batting: RHB Luis Muńóz
|
0-0: Swinging Strike 0-1: Ball 1-1: Swinging Strike 1-2: Ball Balk! Wilfrid Savary to third 2-2: Ball 3-2: Base on Balls
|
Batting: RHB Jesús Castro
|
0-0: Ball 1-0: Ball 2-0: Ball 3-0: Base on Balls Luis Muńóz to second
|
Batting: RHB Dave Knight
|
0-0: Called Strike 0-1: Foul Ball, location: 2F 0-2: Strikes out swinging
|
Batting: RHB Greg Robinson
|
0-0: Ball 1-0: Ball 2-0: Called Strike 2-1: Ball 3-1: Fly out, F7 (Flyball, 7M)
|
Bottom of the 1st over - 0 run(s), 1 hit(s), 0 error(s), 3 left on base; SC 1 - Jacksonville 0 |
TOP OF THE 2ND |
SC Storm batting - Pitching for Jacksonville Sharks : LHP William Davis
|
Batting: RHB António Prieto
|
0-0: Ball 1-0: Swinging Strike 1-1: Ball 2-1: Ball 3-1: Base on Balls
|
Batting: RHB Bobby Christopher
|
0-0: Ball 1-0: Grounds into double play, 4-6-3 (Groundball, 4)
|
Batting: SHB Bill Prado
|
0-0: Ball 1-0: Called Strike 1-1: Called Strike 1-2: Ball 2-2: Strikes out swinging
|
Top of the 2nd over - 0 run(s), 0 hit(s), 0 error(s), 0 left on base; SC 1 - Jacksonville 0 |
BOTTOM OF THE 2ND |
Jacksonville Sharks batting - Pitching for SC Storm : RHP Bill Prado
|
Batting: RHB Juan Sánchez
|
0-0: Swinging Strike 0-1: Ball 1-1: Fly out, F9 (Flyball, 89M)
|
Batting: RHB Forest Simmons
|
0-0: Ball 1-0: Called Strike 1-1: Swinging Strike 1-2: Ground out 6-3 (Groundball, 6M)
|
Batting: LHB William Davis
|
0-0: Called Strike 0-1: Ball 1-1: Swinging Strike 1-2: Foul Ball, location: 2F 1-2: Ball 2-2: Fly out, F9 (Popup, 4D)
|
Bottom of the 2nd over - 0 run(s), 0 hit(s), 0 error(s), 0 left on base; SC 1 - Jacksonville 0 |
TOP OF THE 3RD |
SC Storm batting - Pitching for Jacksonville Sharks : LHP William Davis
|
Batting: LHB Vern Forrest
|
0-0: Foul Ball, location: 2F 0-1: Fly out, F3 (Line Drive, 34)
|
Batting: RHB Lane Rich
|
0-0: Ground out 6-3 (Groundball, 6)
|
Batting: RHB Wilfred McLaughlin
|
0-0: Called Strike 0-1: Swinging Strike 0-2: Ball 1-2: Foul Ball, location: 2F 1-2: Strikes out swinging
|
Top of the 3rd over - 0 run(s), 0 hit(s), 0 error(s), 0 left on base; SC 1 - Jacksonville 0 |
BOTTOM OF THE 3RD |
Jacksonville Sharks batting - Pitching for SC Storm : RHP Bill Prado
|
Batting: LHB Wilfrid Savary
|
0-0: Swinging Strike 0-1: Swinging Strike 0-2: Ball 1-2: Foul Ball, location: 2F 1-2: Fly out, F9 (Flyball, 89D)
|
Batting: LHB Chris Henry
|
0-0: Foul Ball, location: 2F 0-1: Ball 1-1: Foul Ball, location: 2F 1-2: Ball 2-2: Ball 3-2: Base on Balls
|
Batting: RHB Luis Muńóz
|
0-0: Foul Ball, location: 2F 0-1: Fly out, F8 (Flyball, 8LXD)
|
Batting: RHB Jesús Castro
|
0-0: Foul Ball, location: 2F 0-1: Swinging Strike 0-2: Ball 1-2: Ground out 4-3 (Groundball, 13)
|
Bottom of the 3rd over - 0 run(s), 0 hit(s), 0 error(s), 1 left on base; SC 1 - Jacksonville 0 |
TOP OF THE 4TH |
SC Storm batting - Pitching for Jacksonville Sharks : LHP William Davis
|
Batting: RHB Joey Jones
|
0-0: Called Strike 0-1: Ball 1-1: SINGLE (Groundball, 4MD) (infield hit)
|
Batting: RHB Arlen King
|
0-0: Ball 1-0: Grounds into double play, 6-4-3 (Groundball, 6)
|
Batting: RHB Lindsay Stewart
|
0-0: Bunted foul 0-1: Fly out, F7 (Flyball, 78M)
|
Top of the 4th over - 0 run(s), 1 hit(s), 0 error(s), 0 left on base; SC 1 - Jacksonville 0 |
BOTTOM OF THE 4TH |
Jacksonville Sharks batting - Pitching for SC Storm : RHP Bill Prado
|
Batting: RHB Dave Knight
|
0-0: Reached on error, E5 (Groundball, 15S)
|
Batting: RHB Greg Robinson
|
0-0: Ball 1-0: SINGLE (Flyball, 7LM) Dave Knight to second
|
Batting: RHB Juan Sánchez
|
0-0: Called Strike 0-1: Swinging Strike 0-2: Foul Ball, location: 2F 0-2: Fly out, F7 (Flyball, 78XD) Runner from 2nd tags up, SAFE at 3rd, no throw
|
Batting: RHB Forest Simmons
|
0-0: Ball 1-0: SINGLE (Flyball, 8RS) Dave Knight scores Greg Robinson to second
|
Pinch Hitting: RHB Pedro Cruz
|
0-0: Called Strike 0-1: Ball 1-1: Foul Ball, location: 2F 1-2: Strikes out looking
|
Batting: LHB Wilfrid Savary
|
0-0: Called Strike 0-1: SINGLE (Line Drive, 34D) Greg Robinson to third Forest Simmons to second Runner from 3rd tries for Home, SAFE, no throw or cutoff
|
Batting: LHB Chris Henry
|
0-0: Fly out, F8 (Flyball, 8RM)
|
Bottom of the 4th over - 2 run(s), 3 hit(s), 1 error(s), 2 left on base; SC 1 - Jacksonville 2 |
TOP OF THE 5TH |
SC Storm batting - Pitching for Jacksonville Sharks : LHP William Davis
|
Pitching: RHP Jason Ackerman
|
|
Batting: RHB António Prieto
|
0-0: Called Strike 0-1: Foul Ball, location: 2F 0-2: Ground out 6-3 (Groundball, 6D)
|
Batting: RHB Bobby Christopher
|
0-0: Ball 1-0: Fly out, F7 (Flyball, 7S)
|
Pinch Hitting: LHB Denny Young
|
0-0: Ball 1-0: Called Strike 1-1: Ball 2-1: Fly out, F7 (Flyball, 7D)
|
Top of the 5th over - 0 run(s), 0 hit(s), 0 error(s), 0 left on base; SC 1 - Jacksonville 2 |
BOTTOM OF THE 5TH |
Jacksonville Sharks batting - Pitching for SC Storm : RHP Bill Prado
|
Pitching: RHP Christian Bates
|
|
Batting: RHB Luis Muńóz
|
0-0: Called Strike 0-1: SINGLE (Groundball, 6MD)
|
Batting: RHB Jesús Castro
|
0-0: Called Strike 0-1: SINGLE (Flyball, 89S) Luis Muńóz to second
|
Batting: RHB Dave Knight
|
0-0: Foul Ball, location: 2F 0-1: DOUBLE (Line Drive, 89M) Luis Muńóz scores Jesús Castro to third
|
Batting: RHB Greg Robinson
|
0-0: Foul Ball, location: 2F 0-1: Ball 1-1: Foul Ball, location: 2F 1-2: Foul Ball, location: 2F 1-2: Ball 2-2: SINGLE (Line Drive, 6D) Jesús Castro scores Dave Knight to third
|
Batting: RHB Juan Sánchez
|
0-0: Ball 1-0: Fly out, F8 (Line Drive, 8LS)
|
Batting: RHB Forest Simmons
|
0-0: Ball Greg Robinson is caught stealing 2nd base 1-0: Foul Ball, location: 2F 1-1: Called Strike 1-2: Strikes out swinging
|
Bottom of the 5th over - 2 run(s), 4 hit(s), 0 error(s), 1 left on base; SC 1 - Jacksonville 4 |
TOP OF THE 6TH |
SC Storm batting - Pitching for Jacksonville Sharks : RHP Jason Ackerman
|
Batting: LHB Vern Forrest
|
0-0: Called Strike 0-1: Swinging Strike 0-2: Strikes out swinging
|
Batting: RHB Lane Rich
|
0-0: Ball 1-0: Swinging Strike 1-1: Foul Ball, location: 2F 1-2: Ball 2-2: Fly out, F8 (Line Drive, 89M)
|
Batting: RHB Wilfred McLaughlin
|
0-0: SINGLE (Line Drive, 8LS)
|
Batting: RHB Joey Jones
|
0-0: Ball Wilfred McLaughlin steals 2nd base 1-0: Ball 2-0: Called Strike 2-1: Ball 3-1: Ground out 3-4 (Groundball, 3S)
|
Top of the 6th over - 0 run(s), 1 hit(s), 0 error(s), 1 left on base; SC 1 - Jacksonville 4 |
BOTTOM OF THE 6TH |
Jacksonville Sharks batting - Pitching for SC Storm : RHP Christian Bates
|
Pitching: LHP Ron Irwin
|
|
Pinch Hitting: RHB David Nielsen
|
0-0: Ball 1-0: Ball 2-0: Ball 3-0: Base on Balls
|
Pinch Hitting: RHB Steve Brewer
|
0-0: Called Strike 0-1: Ball 1-1: Ball 2-1: Ball 3-1: Sac Bunt - play at first, batter OUT! 5-3 David Nielsen to second
|
Pinch Hitting: LHB Dave Harris
|
0-0: Ball 1-0: Foul Ball, location: 2F 1-1: SINGLE (Flyball, 8LS) David Nielsen to third Runner from 3rd tries for Home, SAFE, no throw or cutoff
|
Pinch Hitting: RHB Mike O'Brien
|
0-0: Ball 1-0: Called Strike 1-1: Called Strike 1-2: Foul Ball, location: 2F 1-2: SINGLE (Line Drive, 78S) Dave Harris to second
|
Batting: RHB Jesús Castro
|
0-0: Foul Ball, location: 2F 0-1: Ball 1-1: Ball 2-1: Ball 3-1: SINGLE (Groundball, 56D) Dave Harris to third Mike O'Brien to second Runner from 3rd tries for Home, SAFE, no throw or cutoff
|
Pitching: RHP Jorge Moreno
|
|
Batting: RHB Dave Knight
|
0-0: Ball 1-0: Ball 2-0: Ball 3-0: Called Strike 3-1: Base on Balls Mike O'Brien to third Jesús Castro to second
|
Batting: RHB Greg Robinson
|
0-0: Ball 1-0: Foul Ball, location: 2F 1-1: Ground out 4-3 (Groundball, 4M) Mike O'Brien scores Jesús Castro to third Dave Knight to second
|
Pinch Hitting: RHB Randolph Davis
|
0-0: Ball 1-0: SINGLE (Groundball, 5) (infield hit) Jesús Castro scores Dave Knight to third
|
Batting: RHB Forest Simmons
|
0-0: Called Strike 0-1: Ball 1-1: Called Strike 1-2: Foul Ball, location: 2F 1-2: Ball 2-2: Fly out, F9 (Flyball, 89S)
|
Bottom of the 6th over - 4 run(s), 4 hit(s), 0 error(s), 2 left on base; SC 1 - Jacksonville 8 |
TOP OF THE 7TH |
SC Storm batting - Pitching for Jacksonville Sharks : RHP Jason Ackerman
|
Pitching: RHP Henry Hart
|
|
Now at 1B: José Reyes
|
|
Now at 3B: Mike O'Brien
|
|
Now in LF: Randolph Davis
|
|
Now in RF: Dave Harris
|
|
Batting: RHB Arlen King
|
0-0: Ball 1-0: Ball 2-0: Called Strike 2-1: Ground out U3 (Groundball, 3)
|
Batting: RHB Lindsay Stewart
|
0-0: Ball 1-0: Ground out 6-3 (Groundball, 56)
|
Batting: RHB António Prieto
|
0-0: Ball 1-0: Foul Ball, location: 2F 1-1: Fly out, F4 (Popup, 4)
|
Top of the 7th over - 0 run(s), 0 hit(s), 0 error(s), 0 left on base; SC 1 - Jacksonville 8 |
BOTTOM OF THE 7TH |
Jacksonville Sharks batting - Pitching for SC Storm : RHP Jorge Moreno
|
Batting: RHB Henry Hart
|
0-0: Called Strike 0-1: Ball 1-1: Foul Ball, location: 2F 1-2: Ground out 6-3 (Groundball, 6)
|
Batting: RHB José Reyes
|
0-0: Ball 1-0: SINGLE (Line Drive, 78S)
|
Batting: LHB Dave Harris
|
0-0: Grounds into double play, 4-6-3 (Groundball, 4)
|
Bottom of the 7th over - 0 run(s), 1 hit(s), 0 error(s), 0 left on base; SC 1 - Jacksonville 8 |
TOP OF THE 8TH |
SC Storm batting - Pitching for Jacksonville Sharks : RHP Henry Hart
|
Batting: RHB Bobby Christopher
|
0-0: SINGLE (Groundball, 6MD)
|
Pinch Hitting: LHB Herman Gilliland
|
0-0: Called Strike 0-1: Called Strike 0-2: Ball 1-2: Ground out 4-3 (Groundball, 4M) Bobby Christopher to second
|
Batting: LHB Vern Forrest
|
0-0: Ball 1-0: Ball 2-0: Ball 3-0: Called Strike 3-1: Base on Balls
|
Pinch Hitting: LHB Aukukero Mincarlie
|
0-0: Ball 1-0: Ball 2-0: SINGLE (Line Drive, 56D) Bobby Christopher to third Vern Forrest to second
|
Pinch Hitting: SHB José Martínez
|
0-0: Ball 1-0: Called Strike 1-1: Foul Ball, location: 2F 1-2: Strikes out swinging
|
Pinch Hitting: RHB Billy Farley
|
0-0: Ball Wild Pitch! Bobby Christopher scores Vern Forrest to third Aukukero Mincarlie to second 1-0: Ball 2-0: Foul Ball, location: 2F 2-1: Called Strike 2-2: Fly out, F9 (Flyball, 89D)
|
Top of the 8th over - 1 run(s), 2 hit(s), 0 error(s), 2 left on base; SC 2 - Jacksonville 8 |
BOTTOM OF THE 8TH |
Jacksonville Sharks batting - Pitching for SC Storm : RHP Jorge Moreno
|
Pitching: RHP Esteban García
|
|
Now at 2B: Ron Humboldt
|
|
Now at 3B: José Martínez
|
|
Now in LF: Billy Farley
|
|
Batting: RHB Mike O'Brien
|
0-0: Ball 1-0: Called Strike 1-1: Fly out, F8 (Flyball, 8RM)
|
Batting: RHB Jesús Castro
|
0-0: Called Strike 0-1: Ball 1-1: Foul Ball, location: 2F 1-2: Strikes out looking
|
Batting: RHB Dave Knight
|
0-0: Swinging Strike 0-1: Foul Ball, location: 2F 0-2: Fly out, F9 (Flyball, 9LM)
|
Bottom of the 8th over - 0 run(s), 0 hit(s), 0 error(s), 0 left on base; SC 2 - Jacksonville 8 |
TOP OF THE 9TH |
SC Storm batting - Pitching for Jacksonville Sharks : RHP Henry Hart
|
Batting: RHB Arlen King
|
0-0: Called Strike 0-1: Ball 1-1: Ball 2-1: Ball 3-1: Base on Balls
|
Pitching: RHP Javier Peralta
|
|
Batting: RHB Lindsay Stewart
|
0-0: Ball 1-0: Ball 2-0: Called Strike 2-1: Fly out, F7 (Flyball, 7S)
|
Batting: RHB António Prieto
|
0-0: Ball 1-0: Foul Ball, location: 2F 1-1: Foul Ball, location: 2F 1-2: Fly out, F7 (Flyball, 78M)
|
Batting: RHB Bobby Christopher
|
0-0: Foul Ball, location: 2F 0-1: 2-RUN HOME RUN (Flyball, 9D), Distance : 364 ft
|
Pitching: RHP Raúl García
|
|
Pinch Hitting: RHB Jorge Rocha
|
0-0: Ball 1-0: Ball 2-0: Ball 3-0: Base on Balls
|
Batting: LHB Vern Forrest
|
0-0: Called Strike 0-1: DOUBLE (Line Drive, 9M) Jorge Rocha to third Runner from 3rd tries for Home, SAFE, no throw or cutoff
|
Pitching: RHP Francisco García
|
|
Batting: RHB Ron Humboldt
|
0-0: Called Strike 0-1: Ball 1-1: Ball 2-1: Swinging Strike 2-2: TRIPLE (Line Drive, 9LM) Vern Forrest scores
|
Batting: SHB José Martínez
|
0-0: Ball 1-0: Called Strike 1-1: Ball 2-1: Ball 3-1: Fly out, F2 (Popup, 2LF)
|
Top of the 9th over - 4 run(s), 3 hit(s), 0 error(s), 1 left on base; SC 6 - Jacksonville 8 |
|